 Dungeon Crawl Stone Soup version 0.18-a0-1805-g8ab820f (webtiles) character file.

293 warlockg3 the Grave Robber (level 6, 0/43 HPs)
             Began as a Demonspawn Necromancer on Apr 26, 2016.
             Slain by an orc (3 damage)
             ... on level 3 of the Dungeon on Apr 27, 2016.
             The game lasted 02:01:07 (3959 turns).

warlockg3 the Grave Robber (Demonspawn Necromancer) Turns: 3959, Time: 02:01:07

Health: 0/43       AC:  7    Str:  9    XL:     6   Next: 11%
Magic:  10/11      EV: 12    Int: 18    God:
Gold:   143        SH:  0    Dex: 13    Spells: 4 memorised, 3 levels left

rFire  + . .     SeeInvis .     n - +0 whip (venom)
rCold  x . .     Gourm    .     g - +0 leather armour
rNeg   . . .     Faith    .     (no shield)
rPois  .         Spirit   .     (no helmet)
rElec  .         Dismiss  .     (no cloak)
rCorr  .         Reflect  .     (no gloves)
SustAt +         Harm     .     (no boots)
MR     .....                    (no amulet)
Stlth  ++........               s - ring of sustain attributes
                                f - ring of fire

@: not resistant to hostile enchantments, unstealthy
A: talons 2, iridescent scales 1
a: no special abilities


You were on level 3 of the Dungeon.
You were not hungry.

You visited 1 branch of the dungeon, and saw 3 of its levels.

You collected 143 gold pieces.

Inventory:

Hand Weapons
 m - a +0 whip
 n - a +0 whip of venom (weapon)
Missiles
 r - 37 arrows
Armour
 a - a +0 robe
 g - a +0 leather armour (worn)
 i - a +0 pair of boots
 v - a +0 pair of gloves
Jewellery
 f - a ring of fire (left hand)
 o - an uncursed ring of fire
 s - a ring of sustain attributes (right hand)
Scrolls
 e - 3 scrolls of remove curse {unknown}
 j - 2 scrolls of identify {unknown}
 q - a scroll of blinking {unknown}
 u - a scroll of enchant armour {unknown}
Potions
 h - 2 potions of flight {unknown}
 k - a potion of lignification
 t - 2 potions of cancellation {unknown}
 w - a potion of brilliance {unknown}
Books
 b - a book of Necromancy

   Spells                             Type                      Level
   a - Pain                           Necromancy                   1
   b - Animate Skeleton               Necromancy                   1
   c - Vampiric Draining              Necromancy                   3
   d - Regeneration                   Charms/Necromancy            3
   e - Animate Dead                   Necromancy                   4
   f - Control Undead                 Necromancy                   4
Comestibles
 c - a bread ration
 d - a slice of pizza
 l - a royal jelly
 p - a meat ration


   Skills:
 + Level 1.2 Fighting
 + Level 0.1 Maces & Flails
 + Level 1.3 Armour
 + Level 2.6 Dodging
 + Level 2.1 Stealth
 + Level 0.6 Unarmed Combat
 + Level 3.7 Spellcasting
 + Level 5.7 Necromancy


You had 3 spell levels left.
You knew the following spells:

 Your Spells              Type           Power        Failure   Level  Hunger
a - Pain                  Necr           ###.         1%          1    None
b - Animate Skeleton      Necr           N/A          1%          1    None
c - Vampiric Draining     Necr           ###.......   8%          3    ###....
d - Control Undead        Necr           ###.......   21%         4    ####...


Dungeon Overview and Level Annotations

Branches:
Dungeon (3/15)

Altars:
Okawaru


Innate Abilities, Weirdness & Mutations

You have razor-sharp toenails.
You are partially covered in iridescent scales (AC +4).


Message History

* * * LOW HITPOINT WARNING * * *
Drink which item? (? for menu, Esc to quit)
Okay, then.
Read which item? (? for menu, Esc to quit)
Okay, then.
You miss the orc wizard.
The orc wizard is heavily wounded.
You kill the orc wizard!
The orc hits you but does no damage. The orc closely misses you.
The orc wizard hits you but does no damage.
The orc barely misses you.
Casting: Pain
Confirm with . or Enter, or press ? or * to list all spells.
Aiming: Pain
Press: ? - help, Shift-Dir - straight line, f - orc wizard
Aim: an orc wizard, wielding a dagger and wearing a robe (moderately wounded, fast, chance to defeat MR: 83%)
The orc wizard convulses in agony!
The orc wizard hits you but does no damage.
The orc hits you but does no damage. The orc hits you.
You die...

##### ### ....##### ##>##
......... #...# .........
#%⌠.# #### ........# ...
#...## (.......# #o# ..⌠.<#
.†..##### +##@##....# ....#
#####.ooo.### ....#
#.##...⌠....##### ....#
##.##............##
....#####<...............'#
......................>..##
....#..##..##.##.......[.#
....##.##..##.##.........#
######..#..##.##.........#


You could see an orc wizard and 3 orcs.

Vanquished Creatures
  The ghost of feelmyfire the Slasher, an amateur MiFi (D:3)
  An orc wizard (D:3)
  Robin (D:3)
  3 adders
  An ooze (D:2)
  A worm (D:2)
  A dart slug (D:1)
  A giant gecko (D:3)
  5 orcs
  6 bats
  5 giant cockroaches
  11 hobgoblins
  6 jackals
  3 giant newts
  14 goblins
  4 kobolds
  5 rats
69 creatures vanquished.

Vanquished Creatures (collateral kills)
  A giant cockroach (D:1)
  A bat (D:1)
  A giant newt (D:1)
  A kobold (D:1)
4 creatures vanquished.

Grand Total: 73 creatures vanquished

Notes
Turn   | Place    | Note
--------------------------------------------------------------
     0 | D:1      | warlockg3 the Demonspawn Necromancer began the quest for the Orb.
     0 | D:1      | Reached XP level 1. HP: 13/13 MP: 3/3
   352 | D:1      | Learned a level 1 spell: Animate Skeleton
   439 | D:1      | Gained mutation: You have sharp toenails. [demonic ancestry]
   439 | D:1      | Reached XP level 2. HP: 2/19 MP: 0/5
  2046 | D:2      | Reached XP level 3. HP: 24/25 MP: 3/6
  2059 | D:2      | Learned a level 3 spell: Vampiric Draining
  2307 | D:2      | Reached skill level 5 in Necromancy
  3145 | D:3      | Noticed feelmyfire's ghost (amateur MiFi)
  3156 | D:3      | Gained mutation: You have razor-sharp toenails. [demonic ancestry]
  3156 | D:3      | Reached XP level 4. HP: 28/31 MP: 5/8
  3182 | D:3      | Killed feelmyfire's ghost
  3182 | D:3      | Reached skill level 1 in Fighting
  3182 | D:3      | Reached skill level 1 in Armour
  3182 | D:3      | Gained mutation: You are partially covered in iridescent scales (AC +4). [demonic ancestry]
  3182 | D:3      | Reached XP level 5. HP: 30/37 MP: 7/10
  3396 | D:3      | Noticed Robin
  3426 | D:3      | Killed Robin
  3606 | D:3      | Learned a level 4 spell: Control Undead
  3712 | D:3      | Found an iron altar of Okawaru.
  3913 | D:3      | Reached XP level 6. HP: 37/43 MP: 6/11
  3959 | D:3      | Slain by an orc

Vault maps used:
D:1:      dpeg_arrival_yet_another_circle, nrook_uturn
D:3:      makhleb_grotto_becter, okawaru_metal_pillars_1_2, grunt_ministairs_4,
          serial_bayou_pond_d, uniq_robin

Skill      XL: |  1  2  3  4 |
---------------+-------------+-----
Dodging        | 2 |  2.6
Necromancy     | 5 |  5.7
Fighting       | 1 |  1.2
Armour         | 1 |  1.3
Stealth        | 2 |  2.1
Spellcasting   | 3 |  3.7
Maces & Flails | |  0.1
Unarmed Combat | |  0.6

Action                   |  1- 3 |  4- 6 || total
-------------------------+-------+-------++-------
Melee: Unarmed           |   109 |    73 ||   182
       Kick              |    17 |    18 ||    35
       Whip              |       |    38 ||    38
 Cast: Pain              |    56 |    34 ||    90
       Animate Skeleton  |     4 |     3 ||     7
       Control Undead    |       |     3 ||     3
  Use: Potion            |     1 |     7 ||     8
 Stab: Distracted        |     1 |       ||     1
  Eat: Bread ration      |     2 |     1 ||     3
       Chunk             |       |     1 ||     1
Armor: Robe              |    20 |       ||    20
       Leather armour    |    15 |    47 ||    62
       Skin              |       |    12 ||    12
Dodge: Dodged            |   110 |    93 ||   203
